 Dungeon Crawl Stone Soup version 0.31-a0-1570-g93c622d222 (webtiles) character file.

Game seed: 2644521975538946680

19887 SovietPaperclip the Fighter (level 12, -2/108 HPs)
             Began as a Minotaur Fighter on Jan 3, 2024.
             Was a High Priest of Qazlal.
             Killed by divine providence
             ... invoked by an orc priest
              (12 damage)
             ... on level 2 of the Orcish Mines.
             The game lasted 00:38:53 (8725 turns).

SovietPaperclip the Fighter (Minotaur Fighter)      Turns: 8725, Time: 00:38:55

Health: -2/108     AC: 26    Str: 25    XL:     12   Next: 40%
Magic:  0/11       EV: 10    Int:  5    God:    Qazlal [*****.]
Gold:   812        SH: 26    Dex: 14    Spells: 11/11 levels left

rFire   . . .        I - +8 demon trident "Rift" {distort, reach+}
rCold   . . .        B - +2 tower shield
rNeg    . . .        t - +8 plate armour of Wonder {Slay+2 SInv}
rPois   .            (helmet restricted)
rElec   .            (no cloak)
rCorr   .            H - +2 pair of gloves {Dex+3}
SInv    +            (no boots)
Will    .....        p - amulet of guardian spirit Stlth
                     o - +5 ring of evasion
HPRegen 0.38/turn    (no ring)
MPRegen 0.12/turn

%: repel missiles, guardian spirit
@: mighty
A: horns 2, retaliatory headbutt, devolution 1
a: Renounce Religion, Upheaval, Elemental Force, Disaster Area


You were on level 2 of the Orcish Mines.
You worshipped Qazlal.
Qazlal was extremely pleased with you.
You visited 3 branches of the dungeon, and saw 12 of its levels.

You collected 1082 gold pieces.
You spent 270 gold pieces at shops.

Inventory:

Hand Weapons
 E - a +2 heavy orcbow
 I - the +8 demon trident "Rift" (weapon) {distort, reach+}
   (You found it on level 5 of the Dungeon)
Missiles
 v - 3 throwing nets
Armour
 t - the +8 plate armour of Wonder (worn) {Slay+2 SInv}
   (You found it on level 4 of the Dungeon)

   Slay+2:    It affects your accuracy & damage with ranged weapons and melee
   (+2).
   SInv:      It lets you see invisible.
 B - a +2 tower shield (worn)
 H - a +2 pair of gloves of dexterity (worn)
Jewellery
 o - a +5 ring of evasion (left hand)
 p - an amulet of guardian spirit (around neck)
 K - a ring of positive energy
Talismans
 z - a beast talisman
Wands
 G - a wand of flame (25) (quivered)
 N - a wand of acid (6)
Scrolls
 a - a scroll of fear {unknown}
 c - 2 scrolls of vulnerability {unknown}
 f - a scroll of brand weapon {unknown}
 g - 10 scrolls of identify {unknown}
 h - 2 scrolls of poison {unknown}
 k - 2 scrolls of noise {unknown}
 l - a scroll of summoning {unknown}
 n - 2 scrolls of enchant weapon {unknown}
 x - 2 scrolls of teleportation {unknown}
 y - a scroll of amnesia {unknown}
 A - a scroll of blinking {unknown}
 C - a scroll of fog {unknown}
 F - 3 scrolls of enchant armour {unknown}
 J - a scroll of immolation {unknown}
 L - a scroll of torment {unknown}
 M - a scroll of silence {unknown}
Potions
 b - a potion of haste {unknown}
 d - 3 potions of might
 i - 3 potions of degeneration {unknown}
 j - 3 potions of enlightenment {unknown}
 m - 6 potions of lignification
 q - 4 potions of curing {unknown}
 r - 2 potions of attraction {unknown}
 s - a potion of mutation {unknown}
 u - 2 potions of cancellation {unknown}
 w - a potion of heal wounds {unknown}
 D - a potion of experience {unknown}


   Skills:
 + Level 10.9 Fighting
 + Level 10.6(13.9) Axes
 + Level 10.3(12.3) Maces & Flails
 + Level 10.2(12.2) Polearms
 + Level 10.6 Armour
 + Level 10.7 Shields


You had 11 spell levels left.
You didn't know any spells.
Your spell library contained the following spells:

 Spells                   Type           Power      Damage    Failure   Level
 Apportation              Tloc           0%         N/A       100%        1
 Foxfire                  Conj/Fire      0%         2x1d4     100%        1
 Necrotise                Necr           0%         1d4       100%        1
 Sting                    Conj/Alch      0%         1d3       100%        1
 Summon Small Mammal      Summ           0%         N/A       100%        1
 Call Imp                 Summ           0%         N/A       100%        2
 Ensorcelled Hibernation  Hex/Ice        0%         N/A       100%        2
 Jinxbite                 Hex            0%         N/A       100%        2
 Static Discharge         Conj/Air       0%         3-3/arc   100%        2
 Sublimation of Blood     Necr           0%         N/A       100%        2
 Fugue of the Fallen      Necr           0%         N/A       100%        3
 Airstrike                Air            0%         2d(0-16)  100%        4
 Anguish                  Hex/Necr       0%         N/A       100%        4
 Summon Lightning Spire   Summ/Air       0%         N/A       100%        4
 Yara's Violent Unravell  Hex/Alch       0%         3d3       100%        5
 Plasma Beam              Fire/Air       0%         2x1d10    100%        6
 Starburst                Conj/Fire      0%         6d3       100%        6
 Enfeeble                 Hex            0%         N/A       100%        7
 Summon Hydra             Summ           0%         N/A       100%        7


Dungeon Overview and Level Annotations

Branches:
Dungeon (9/15)             Temple (1/1) D:4            Lair (0/5) D:9
    Orc (2/2) D:9             Elf (0/3) Orc:2

Altars:
Ashenzari
Cheibriados
Dithmenos
Elyvilon
Fedhas
Gozag
Hepliaklqana
Kikubaaqudgha
Makhleb
Nemelex Xobeh
Okawaru
Qazlal
Ru
Sif Muna
Trog
Uskayaw
Vehumet
Wu Jian
Xom
Yredelemnul
Zin
The Shining One

Shops:
D:1 [

Portals:
Abyss: D:5


Innate Abilities, Weirdness & Mutations

You have a pair of horns on your head.
You reflexively headbutt those who attack you in melee.
You have hidden genetic defects.


Message History

Aim: an orc high priest, wielding a +0 glaive (almost dead, about 29% to evade the +8 demon trident "Rift")
You puncture the orc high priest!
You kill the orc high priest!
Qazlal accepts your kill.
The soul eater disappears in a puff of smoke!
The ice devil disappears in a puff of smoke!
You hear a shout! x2
The orc priest is engulfed in a thunderstorm.
You kill the orc priest!
Qazlal accepts your kill.
You block the orc warrior's attack. x2; The orc warrior throws a boomerang.
You block the boomerang.
The orc priest looks satisfied for a moment.
The orc wizard casts a spell at you.
You easily resist.
The orc priest mumbles some strange prayers to Beogh against you.
Beogh smites you!
* * * LOW HITPOINT WARNING * * *
Reach: I) +8 demon trident "Rift" {distort, reach+}
Press: ? - help, Dir - move target, f - orc priest
Aim: an orc priest, wielding a +0 hand axe (grey smoke, about 25% to evade the +8 demon trident "Rift")
You stick the orc priest like a pincushion!!!
You kill the orc priest!
Qazlal accepts your kill.
You hear a shout! x3
You block the orc warrior's attack. x2
The orc priest invokes the aid of Beogh against you.
You resist with significant effort. You block the orc wizard's attack.
You block the orc warrior's attack.
Reach: I) +8 demon trident "Rift" {distort, reach+}
Press: ? - help, Dir - move target, f - orc high priest
Aim: an orc high priest, wielding a +2 heavy halberd (about 29% to evade the +8 demon trident "Rift")
You miss the orc high priest.
Reach: I) +8 demon trident "Rift" {distort, reach+}
Press: ? - help, Dir - move target, f/p - orc high priest
Aim: an orc high priest, wielding a +2 heavy halberd (about 29% to evade the +8 demon trident "Rift")
You miss the orc high priest.
The orc priest calls down the wrath of Beogh upon you.
Beogh smites you!
You die...

#####.#.....#
##..#................
####....#...............
.##.....##..............
..##...............$.$..
.#.##...................
..............).)○......
..............)☼).§4....
......##.#.....o@)oo....
#.##.#####...#§°oooo4...
###### #....#.§.)))....
#....#...######4o
#........## . ##.##.#.##
## ###.# #.#


You could see an orc high priest, an orange demon (summoned), an ice devil
(summoned), a rust devil (summoned), 3 orc warriors, 3 orc priests and an orc
wizard (invisible).

Vanquished Creatures
  A hydra (D:9)
  Erolcha (D:9)
  A two-headed ogre (D:8)
  2 death yaks (D:9)
  2 orc high priests (Orc:2)
  Pikel (D:6)
  An orc sorcerer (Orc:2)
  2 orc knights (Orc:1)
  Joseph (D:7)
  The ghost of xnavy the Insei, a novice DsSh (D:6)
  Maggie (D:7)
  A kobold demonologist (D:9)
  The ghost of pigah the Changeling, a novice OpSh (D:5)
  A troll (Orc:1)
  Grinder (D:4)
  3 wyverns
  12 yaks (D:9)
  A warg (Orc:1)
  3 vampire mosquitoes (D:9)
  2 small abominations (D:5)
  4 water moccasins
  An ice beast (D:8)
  A sky beast (D:6)
  3 black bears
  13 orc warriors
  6 ogres
  4 centaurs
  3 lemures (D:6)
  5 phantoms (D:8)
  6 bullfrogs
  7 scorpions
  13 wights
  A burial acolyte (D:5)
  10 killer bees
  5 howler monkeys
  2 electric eels (D:9)
  A centaur zombie (D:8)
  A bombardier beetle (D:8)
  3 jellies
  13 orc priests
  4 gnoll boudas
  6 iguanas
  5 sleepcaps
  Natasha (twice) (D:3)
  20 orc wizards
  2 scorpion zombies (D:8)
  2 hell rats (D:9)
  5 killer bee zombies (D:8)
  Robin (D:4)
  21 gnolls
  7 adders
  10 shadow imps
  3 white imps
  An ufetubus (D:5)
  2 adder zombies (D:5)
  3 dart slugs
  2 ribbon worms (D:3)
  62 orcs
  6 ball pythons
  3 bats
  12 endoplasms
  A giant cockroach (D:4)
  16 goblins
  6 hobgoblins
  6 jackals
  5 quokkas
  3 frilled lizards
  A jackal zombie (D:5)
  10 kobolds
  10 rats
378 creatures vanquished.

Notes
Turn   | Place    | Note
-------+----------+-------------------------------------------
     0 | D:1      | SovietPaperclip the Minotaur Fighter began the quest for
                  | the Orb.
     0 | D:1      | Reached XP level 1. HP: 19/19 MP: 0/0
    94 | D:1      | Found Xolichok's Antique Armour Shop.
   120 | D:1      | Reached XP level 2. HP: 27/27 MP: 1/1
   154 | D:1      | Reached skill level 1 in Maces & Flails
   334 | D:1      | Reached skill level 1 in Polearms
   683 | D:2      | Reached XP level 3. HP: 33/33 MP: 2/2
   884 | D:2      | Found a glowing silver altar of Zin.
  1007 | D:2      | Identified the +2 leather armour of the Fisher {^Drain
                  | Dex+6}
  1132 | D:3      | Noticed Natasha
  1141 | D:3      | Killed Natasha
  1142 | D:3      | Reached XP level 4. HP: 32/40 MP: 3/3
  1458 | D:3      | Found a blossoming altar of Fedhas.
  1568 | D:3      | Noticed Natasha
  1578 | D:3      | Killed Natasha
  1579 | D:3      | Reached XP level 5. HP: 41/47 MP: 2/4
  1799 | D:3      | Found a shadowy altar of Dithmenos.
  1888 | D:4      | Identified the +8 plate armour of Wonder {Slay+2 SInv}
  1905 | D:4      | Noticed an ogre
  1911 | D:4      | Killed an ogre
  1913 | D:4      | Found a staircase to the Ecumenical Temple.
  1941 | D:4      | Reached XP level 6. HP: 53/53 MP: 5/5
  1986 | Temple   | Entered the Ecumenical Temple
  2017 | Temple   | Became a worshipper of Qazlal Stormbringer
  2395 | D:4      | Noticed Robin
  2397 | D:4      | Noticed Grinder
  2417 | D:4      | Killed Robin
  2437 | D:4      | Killed Grinder
  2438 | D:4      | Reached skill level 5 in Fighting
  2438 | D:4      | Reached skill level 5 in Armour
  2438 | D:4      | Reached skill level 5 in Shields
  2438 | D:4      | Reached XP level 7. HP: 33/61 MP: 4/6
  2672 | D:5      | Entered Level 5 of the Dungeon
  2681 | D:5      | Reached * piety under Qazlal
  2753 | D:5      | Found a transporter.
  2773 | D:5      | Found a transporter.
  2799 | D:5      | Noticed a small abomination
  2824 | D:5      | Found a one-way gate to the infinite horrors of the Abyss.
  2824 | D:5      | Noticed pigah's ghost (novice OpSh)
  2824 | D:5      | Found the +8 demon trident "Rift" {distort, reach+}
  2837 | D:5      | Found a glowing golden altar of the Shining One.
  2978 | D:5      | Found a sparkling altar of Nemelex Xobeh.
  3108 | D:5      | Reached skill level 5 in Axes
  3110 | D:5      | Found an ancient bone altar of Kikubaaqudgha.
  3413 | D:1      | Bought a glowing tower shield for 135 gold pieces
  3736 | D:6      | Found a bloodstained altar of Trog.
  3746 | D:6      | Reached XP level 8. HP: 70/70 MP: 7/7
  4052 | D:6      | Found a sacrificial altar of Ru.
  4070 | D:6      | Noticed xnavy's ghost (novice DsSh)
  4071 | D:6      | Found a runed translucent door.
  4086 | D:6      | Reached skill level 5 in Maces & Flails
  4126 | D:6      | Reached skill level 5 in Polearms
  4519 | D:6      | Killed xnavy's ghost
  4520 | D:6      | Reached XP level 9. HP: 55/78 MP: 6/8
  4603 | D:7      | Noticed Pikel
  4690 | D:6      | Killed Pikel
  4739 | D:7      | Noticed Maggie
  4741 | D:7      | Noticed Joseph
  4755 | D:7      | Killed Joseph
  4755 | D:7      | Reached ** piety under Qazlal
  4756 | D:7      | Killed Maggie
  5038 | D:7      | Found a shimmering blue altar of Sif Muna.
  5057 | D:7      | Reached XP level 10. HP: 82/88 MP: 7/9
  5249 | D:7      | Found an iron altar of Okawaru.
  5627 | D:1      | Bought a pair of embroidered gloves for 135 gold pieces
  5803 | D:5      | Killed pigah's ghost
  5818 | D:5      | Reached *** piety under Qazlal
  6402 | D:8      | Noticed a two-headed ogre
  6413 | D:8      | Killed a two-headed ogre
  6586 | D:8      | Reached XP level 11. HP: 97/97 MP: 10/10
  6589 | D:8      | Reached **** piety under Qazlal
  6882 | D:8      | Found a snail-covered altar of Cheibriados.
  7288 | D:9      | Noticed a six-headed hydra
  7298 | D:9      | Killed a six-headed hydra
  7492 | D:9      | Found a staircase to the Lair.
  7492 | D:9      | Noticed a death yak
  7492 | D:9      | Noticed a death yak
  7492 | D:9      | Noticed a death yak
  7501 | D:9      | Killed a death yak
  7503 | D:9      | Banished a death yak
  7503 | D:9      | Killed a death yak
  7504 | D:9      | Reached skill level 10 in Fighting
  7513 | D:9      | Reached skill level 10 in Shields
  7515 | D:9      | Reached ***** piety under Qazlal
  7550 | D:9      | Reached skill level 10 in Armour
  7623 | D:9      | Found a staircase to the Orcish Mines.
  7635 | D:9      | Reached skill level 10 in Axes
  7820 | D:9      | Noticed Erolcha
  7823 | D:9      | Killed Erolcha
  7953 | D:9      | Reached XP level 12. HP: 107/107 MP: 11/11
  8189 | Orc:1    | Entered Level 1 of the Orcish Mines
  8213 | Orc:1    | Reached skill level 10 in Maces & Flails
  8419 | Orc:2    | Entered Level 2 of the Orcish Mines
  8436 | Orc:2    | Reached skill level 10 in Polearms
  8563 | Orc:2    | Found a staircase to the Elven Halls.
  8699 | Orc:2    | Noticed an orc high priest
  8708 | Orc:2    | Gained mutation: You have hidden genetic defects. [a
                  | neqoxec]
  8710 | Orc:2    | Killed an orc high priest
  8714 | Orc:2    | Noticed an orc high priest
  8716 | Orc:2    | Noticed an orc high priest
  8722 | Orc:2    | Killed an orc high priest
  8725 | Orc:2    | Killed from afar by an orc priest

Illustrated notes

Levels and vault maps discovered:
D:1:      dpeg_arrival_rhombi, layout_loops_cross, serial_shops, shop
D:2:      layout_basic, basic_altar
D:3:      layout_loops_ring, fedhas_altar_1, grunt_dithmenos_smoke, uniq_natasha
D:4:      layout_rooms, minmay_temple_entry_arrows, uniq_grinder, uniq_robin
D:5:      layout_rooms, lemuel_tele_altar, lemuel_zombie_altar_kikubaaqudgha,
          tso_oasis_becter, gammafunk_ghost_abyssal_escape,
          kennysheep_windowed_goal
D:6:      layout_rooms, trog_butcher_becter,
          mainiacjoe_overflow_six_doors_small, hellmonk_ghost_happy_afterlife,
          roderic_lattice_a, dk_noncrumbling_2, grunt_decor_mini_mirrors
D:7:      layout_cave_pools, okawaru_trees_1, mainiacjoe_overflow_alcove_1,
          nicolae_the_louvre, uniq_joseph, uniq_pikel, uniq_maggie
D:8:      bobbens_index_wilting_gardens, layout_basic, slow_altar_2,
          grunt_decor_clamped
D:9:      layout_basic, dpeg_lair_monsters, erik_orc_2, minmay_quadrilaterals,
          uniq_erolcha
Temple:   chequers_temple_sunken
Orc:1:    layout_caves, basic_altar
Orc:2:    st_orc_mages, layout_diamond_mine, basic_altar

Skill      XL: |  1  2  3  4  5  6  7  8  9 10 11 12 |
---------------+-------------------------------------+-----
Maces & Flails | 1 2 3 4 5 7 8 9 10 | 10.3
Polearms       | 1 2 3 4 5 6 8 9 10 | 10.2
Axes           | 3 4 5 6 7 8 10 | 10.6
Fighting       | 4 5 6 8 9 10 | 10.9
Armour         | 4 5 6 7 8 10 | 10.6
Shields        | 4 5 6 7 9 10 | 10.7

Action                     |  1- 3 |  4- 6 |  7- 9 | 10-12 || total
---------------------------+-------+-------+-------+-------++-------
  Melee: Whip              |    57 |   108 |   230 |    52 ||   447
         Headbutt          |    11 |    14 |    61 |    59 ||   145
         Demon trident     |       |       |       |   337 ||   337
 Invoke: Upheaval          |       |       |       |     1 ||     1
  Evoke: Wand              |       |       |       |     1 ||     1
    Use: Potion            |       |       |       |     1 ||     1
 Armour: Scale mail        |    21 |    28 |       |       ||    49
         Plate armour      |       |    36 |    86 |   136 ||   258
  Dodge: Dodged            |    17 |    54 |    57 |    66 ||   194
         Repelled          |       |       |       |     3 ||     3
  Block: Buckler           |     9 |    12 |     8 |       ||    29
         Tower shield      |       |       |   209 |   486 ||   695

Table legend: (Time is in decaauts)
 A = Elapsed time spent in this place.
 B = Non-inter-level travel time spent in this place.
 C = Inter-level travel time spent in this place.
 D = Time resting spent in this place.
 E = Time spent auto-exploring this place.
 F = Levels seen in this place.
 G = Mean time per level.
                   A        B        C        D        E       F      G
               +--------+--------+--------+--------+--------+-----+--------+
         Total |   8705 |   8302 |    403 |    382 |   4037 |  12 |  725.4 |
       Dungeon |   8120 |   7721 |    399 |    382 |   3813 |   9 |  902.2 |
        Temple |     57 |     53 |      4 |      0 |      0 |   1 |   57.0 |
  Orcish Mines |    527 |    527 |      0 |      0 |    224 |   2 |  263.5 |
               +--------+--------+--------+--------+--------+-----+--------+

Top non-repeatable levels by time:
     D:8: 1308 daAuts
     D:6: 1087 daAuts
     D:5: 998 daAuts
     D:9: 939 daAuts
     D:4: 936 daAuts
     D:3: 795 daAuts
     D:7: 777 daAuts
     D:1: 668 daAuts
     D:2: 608 daAuts
   Orc:2: 300 daAuts
   Orc:1: 226 daAuts
  Temple: 57 daAuts
